 Dungeon Crawl Stone Soup version 0.29.0-4-gdea44cf6ec (webtiles) character file.

Game seed: 8510208284566737644

64 qw the Chopper (level 4, 0/26 HPs)
             Began as a Tengu Warper on Aug 28, 2022.
             Slain by Terence
             ... wielding a +0 short sword
              (4 damage)
             ... on level 2 of the Dungeon.
             The game lasted 00:00:09 (1263 turns).

qw the Chopper (Tengu Warper)                       Turns: 1263, Time: 00:00:10

Health: 0/26       AC:  0    Str: 13    XL:     4   Next: 12%
Magic:  8/8        EV: 14    Int: 13    God:
Gold:   103        SH:  0    Dex: 14    Spells: 7/7 levels left

rFire   . . .      SeeInvis .   (weapon currently unavailable)
rCold   . . .      Faith    .   (shield currently unavailable)
rNeg    . . .      Spirit   .   (body armour currently unavailable)
rPois   .          Reflect  .   (helmet currently unavailable)
rElec   .          Harm     .   (cloak currently unavailable)
rCorr   .          Rampage  .   (gloves currently unavailable)
Will    .....                   (boots unavailable)
Stlth   +.........              (no amulet)
HPRegen 0.08/turn               (ring currently unavailable)
MPRegen 0.11/turn               (ring currently unavailable)

@: pig-form (expiring), very quick
A: fast, no casting, small, (beak), (talons 3)
a: no special abilities


You were on level 2 of the Dungeon.
You were a filthy swine.
You visited 1 branch of the dungeon, and saw 2 of its levels.

You collected 115 gold pieces.
You spent 12 gold pieces at shops.


Innate Abilities, Weirdness & Mutations

You are a filthy swine.
You move quickly.
Your equipment is almost entirely melded.
You are incapable of wielding weapons or throwing items.
You cannot cast spells.
((You have a beak for a mouth.))
((You have claws for feet.))


   Skills:
 - Level 2.0 Fighting
 + Level 4.3 Axes
 - Level 1.0 Throwing
 - Level 2.0 Armour
 - Level 2.1 Dodging
 - Level 2.0 Spellcasting
 - Level 2.4 Translocations


You had 7 spell levels left.
You didn't know any spells.
Your spell library contained the following spells:

 Spells                   Type           Power      Damage    Failure   Level
 Blink                    Tloc           14%        N/A       14%         2
 Gell's Gravitas          Tloc           7%         N/A       28%         3
 Lesser Beckoning         Tloc           7%         N/A       28%         3
 Teleport Other           Tloc           7%         N/A       28%         3
 Manifold Assault         Tloc           7%         N/A       95%         5

Inventory:

Hand Weapons
 d - a +0 whip
 Y - a +0 hand axe (melded)
Armour
 a - the +0 plate armour of True Grit (melded) {rF++}
   (You acquired it on level 1 of the Dungeon)

   rF:        It greatly protects you from fire.
Scrolls
 b - 3 scrolls of identify
Potions
 c - a potion of degeneration {unknown}
 e - a potion of flight {unknown}
 f - a potion of heal wounds {unknown}
 g - a potion of curing {unknown}
 k - a potion of cancellation {unknown}
 n - a potion of haste {unknown}

Dungeon Overview and Level Annotations

Branches:
Dungeon (2/15)

Altars:
Zin

Shops:
D:1 (

Annotations:
D:2 Terence


Message History

You hit the hobgoblin but do no damage.
Terence the Incautious comes into view.
He is wielding a +0 short sword and carrying a wand of polymorph (14).
The hobgoblin hits you. The hobgoblin barely misses you.
You closely miss the hobgoblin.
Terence shouts!
Your kick misses the hobgoblin.
The hobgoblin hits you but does no damage.
You hit the hobgoblin. Your kick misses the hobgoblin.
The hobgoblin is heavily wounded.
The hobgoblin hits you.
You hit the hobgoblin but do no damage. You claw the hobgoblin.
You kill the hobgoblin!
Items here: ) / [[.
You hit Terence but do no damage. You peck Terence, but do no damage.
Terence zaps a wand.
You turn into a filthy swine.
Your +0 hand axe melds into your body.
The +0 plate armour of True Grit {rF++} melds into your body.
You hit Terence but do no damage. Terence shouts, "Now you die!"
Terence barely misses you.
You hit Terence.
Terence is lightly wounded.
Terence hits you with a +0 short sword!
You hit Terence but do no damage.
Terence is lightly wounded.
Terence closely misses you.
You hit Terence.
Terence is moderately wounded.
Terence hits you with a +0 short sword.
You hit Terence but do no damage.
Terence is moderately wounded.
Terence misses you.
You barely miss Terence.
Terence is moderately wounded.
Terence completely misses you.
You barely miss Terence.
Terence is moderately wounded.
Your transformation is almost over.
Terence hits you with a +0 short sword.
You die...

..>...#.# ......#.####
####.).....## .
####%#...#### ..
#######.##.....## ...
......#.##......#..#.
#####.#.#####........ .
.# #...####.))#####....
.#####.......)))h@...#
....###.###.####).....#
###...#.#...# #####..#
# ###.#.#.### ##
#...#.### ##......#
#..##.#(# #.##..#>###
#####....##...#


You could see Terence.

Vanquished Creatures
  Robin (D:2)
  An adder (D:2)
  2 dart slugs (D:1)
  2 ball pythons
  2 bats
  An endoplasm (D:1)
  A giant cockroach (D:1)
  4 hobgoblins
  7 kobolds
  A quokka (D:1)
  5 frilled lizards
  9 goblins
  3 rats (D:1)
39 creatures vanquished.

Vanquished Creatures (others)
  5 plants (D:1)
5 creatures vanquished.

Grand Total: 44 creatures vanquished

Notes
Turn   | Place    | Note
-------+----------+-------------------------------------------
     0 | D:1      | qw the Tengu Warper began the quest for the Orb.
     0 | D:1      | Reached XP level 1. HP: 12/12 MP: 4/4
     0 | D:1      | 0 ||| qw: Version: 0.1-a-89-g26bdef1
     0 | D:1      | 0 ||| qw: Game counter: 1049
     0 | D:1      | 0 ||| qw: Always use a shield: true
     0 | D:1      | 0 ||| qw: God list: Okawaru
     0 | D:1      | 0 ||| qw: Allow faded altars: false
     0 | D:1      | 0 ||| qw: Do Orc after D:15 true
     0 | D:1      | 0 ||| qw: Do second Lair branch before Depths: true
     0 | D:1      | 0 ||| qw: Lair rune preference: random
     0 | D:1      | 0 ||| qw: Plans: Normal
     0 | D:1      | 0 ||| PLANNING D:1-11
    47 | D:1      | Reached XP level 2. HP: 14/17 MP: 6/6
   179 | D:1      | Reached skill level 3 in Axes
   244 | D:1      | 244 ||| Stepping ~*~*~tactically~*~*~ (hiding).
   245 | D:1      | 245 ||| Stepping ~*~*~tactically~*~*~ (hiding).
   489 | D:1      | Found Puamofea's Weapon Boutique.
   503 | D:1      | 503 ||| BUYING +0 club (12 gold).
   503 | D:1      | Bought a +0 club for 12 gold pieces
   503 | D:1      | 503 ||| SHOPLISTING +5 morningstar of protection (381 gold,
                  | have 45).
   762 | D:1      | Reached XP level 3. HP: 18/21 MP: 7/7
   825 | D:1      | 825 ||| DROPPING orb of mayhem.
   826 | D:1      | 826 ||| UPGRADING to +0 ring mail.
   836 | D:1      | 836 ||| DROPPING +0 leather armour.
   837 | D:1      | 837 ||| READING scroll labelled KACYT WEVOTH.
   838 | D:1      | 838 ||| READING scroll labelled SICEDARENOR.
   838 | D:1      | Identified a scroll of acquirement
   838 | D:1      | 838 ||| ACQUIRING +0 plate armour of True Grit {rF++}
   838 | D:1      | Acquired the +0 plate armour of True Grit {rF++}
   840 | D:1      | 840 ||| UPGRADING to +0 plate armour of True Grit {rF++}.
   850 | D:1      | 850 ||| DROPPING +0 ring mail.
   851 | D:1      | 851 ||| READING scroll labelled WOULALEASHROO.
   852 | D:1      | 852 ||| READING scroll labelled NESENE QIFO.
   853 | D:1      | 853 ||| DROPPING scroll of blinking.
   918 | D:2      | 918 ||| DROPPING +0 club.
   919 | D:2      | Found a faded altar of an unknown god.
  1018 | D:2      | 1018 ||| Stepping ~*~*~tactically~*~*~ (stealth).
  1042 | D:2      | 1042 ||| Stepping ~*~*~tactically~*~*~ (stealth).
  1051 | D:2      | Found a glowing silver altar of Zin.
  1104 | D:2      | 1104 ||| Stepping ~*~*~tactically~*~*~ (stealth).
  1110 | D:2      | Reached skill level 4 in Axes
  1112 | D:2      | 1112 ||| Stepping ~*~*~tactically~*~*~ (stealth).
  1235 | D:2      | Noticed Robin
  1250 | D:2      | Killed Robin
  1251 | D:2      | Reached XP level 4. HP: 22/26 MP: 8/8
  1251 | D:2      | Noticed Terence
  1260 | D:2      | HP: 4/26 [Terence/+0 short sword (6)]
  1263 | D:2      | Slain by Terence

Levels and vault maps discovered:
D:1:      spicycebolla_arrival_clurvy, layout_loops_ring, serial_shops, shop
D:2:      layout_rooms, basic_altar, shapermc_ecumenical_altar_gd,
          minmay_surrounded, uniq_robin, uniq_terence

Skill      XL: |  1  2  3 |
---------------+----------+-----
Axes           | 3 4 |  4.3
Armour         | 2 |  2.0
Fighting       | |  2.0
Throwing       | |  1.0
Dodging        | |  2.1
Spellcasting   | |  2.0
Translocations | |  2.4

Action                   |  1- 3 |  4- 6 || total
-------------------------+-------+-------++-------
Melee: Hand axe          |    75 |     5 ||    80
       Kick              |    20 |     1 ||    21
       Peck              |    10 |     1 ||    11
       Unarmed           |       |     7 ||     7
Throw: Boomerang         |     7 |       ||     7
  Use: Scroll            |     4 |       ||     4
Armor: Leather armour    |    10 |       ||    10
       Plate armour      |    33 |     1 ||    34
Dodge: Dodged            |    23 |     5 ||    28

Table legend:
 A = Non-vault XP
 B = Vault XP
 C = Vault XP percentage of total XP
 D = Non-vault monster count
 E = Vault monster count
 F = Vault count percentage of total count
                 A         B        C        D         E       F
            +---------+---------+-------+---------+---------+-------
      Total |      64 |      28 |  30.4 |      31 |       8 |  20.5
            +---------+---------+-------+---------+---------+-------
        D:1 |      36 |       0 |   0.0 |      20 |       0 |   0.0
        D:2 |      28 |      28 |  50.0 |      11 |       8 |  42.1
            +---------+---------+-------+---------+---------+-------
